 Dungeon Crawl Stone Soup version 0.27.1-37-g7b29ead8ac (webtiles) character file.

Game seed: 17601649703923953237

155 duchin the Chopper (level 5, -5/45 HPs)
             Began as a Draconian Gladiator on Sept 23, 2023.
             Was an Initiate of Cheibriados.
             Slain by Pikel the troll (7 damage)
             ... on level 4 of the Dungeon.
             The game lasted 00:05:34 (3167 turns).

duchin the Chopper (Draconian Gladiator)            Turns: 3167, Time: 00:05:34

Health: -5/45      AC:  2    Str: 18    XL:     5   Next: 14%
Magic:  5/5        EV: 12    Int:  9    God:    Cheibriados [......]
Gold:   165        SH:  0    Dex: 14    Spells: 4/4 levels left

rFire    . . .     SeeInvis .   a - +0 war axe
rCold    . . .     Faith    .   (no shield)
rNeg     . . .     Spirit   .   (armour unavailable)
rPois    .         Reflect  .   b - +0 hat
rElec    .         Harm     .   m - +0 cloak
rCorr    .         Rampage  .   (no gloves)
Will     .....                  (no boots)
Stlth    +.........             (no amulet)
HPRegen  0.15/turn              (no ring)
MPRegen  0.09/turn              (no ring)

@: corroded, very slow
A: AC +5, unfitting armour, cold-blooded
a: Renounce Religion, Bend Time


You were on level 4 of the Dungeon.
You worshipped Cheibriados.
Cheibriados was noncommittal.
You visited 1 branch of the dungeon, and saw 4 of its levels.

You collected 165 gold pieces.

Inventory:

Hand Weapons
 a - a +0 war axe (weapon)
Missiles
 c - 3 throwing nets
 j - 2 silver javelins (quivered)
 l - 18 poisoned darts
Armour
 b - a +0 hat (worn)
 m - a +0 cloak (worn)
Wands
 d - a wand of iceblast (10)
 n - a wand of polymorph (7)
Scrolls
 e - a scroll of identify {unknown}
 f - a scroll of torment {unknown}
 g - 2 scrolls of teleportation
 h - a scroll of fog {unknown}
 i - a scroll of blinking {unknown}
 o - a scroll of enchant weapon {unknown}
Potions
 q - a potion of degeneration {unknown}


   Skills:
 + Level 3.2 Fighting
 * Level 5.2 Axes
 + Level 2.2 Throwing
 - Level 2.6 Dodging


You had 4 spell levels left.
You didn't know any spells.
Your spell library was empty.

Dungeon Overview and Level Annotations

Branches:
Dungeon (4/15)
 Temple: D:4-7

Altars:
Cheibriados

Annotations:
D:3 1 runed translucent door, Crazy Yiuf
D:4 Pikel


Innate Abilities, Weirdness & Mutations

Your plain brown scales are hard. (AC +5)
You cannot fit into any form of body armour.
You are cold-blooded and may be slowed by cold attacks.


Message History

Throw: 4 javelins (silver)
Press: ? - help, Q - select action, (/) - cycle Shift-Dir - straight line, f/p - Pikel
Aim: Pikel, wielding a +2 whip of flaming, wearing a +0 robe and carrying a wand of acid (11) (moderately wounded, 53% to hit)
You throw a silver javelin.
The silver javelin pierces through Pikel but does no damage.
Pikel is moderately wounded.
The silver javelin pierces through the lemure.
The lemure is moderately wounded.
The silver javelin pierces through the lemure!
The lemure is heavily wounded.
The silver javelin pierces through the lemure!
The lemure is severely wounded.
Pikel hits you with a +2 whip of flaming.
Pikel burns you.
A dart slug comes into view.
Pikel hits you with a +2 whip of flaming!
* * * LOW HITPOINT WARNING * * *
Pikel burns you.
* * * LOW HITPOINT WARNING * * *
Okay, then.
Throw: 3 javelins (silver)
Press: ? - help, Q - select action, (/) - cycle Shift-Dir - straight line, f/p - Pikel
Aim: Pikel, wielding a +2 whip of flaming, wearing a +0 robe and carrying a wand of acid (11) (moderately wounded, 53% to hit)
You throw a silver javelin.
The silver javelin pierces through Pikel!
Pikel is heavily wounded.
The silver javelin barely misses the lemure.
The silver javelin closely misses the lemure.
The silver javelin barely misses the lemure.
Pikel completely misses you.
Aiming: Polymorph
Press: ? - help, Shift-Dir - straight line, f/p - Pikel
Aim: Pikel, wielding a +2 whip of flaming, wearing a +0 robe and carrying a wand of acid (11) (heavily wounded, will become a hog, a queen bee, or a troll, chance to affect: 46%) Pikel evaporates and reforms as a troll!
It was a potion of curing.
You feel better. Pikel bites you. Pikel claws you!
* * * LOW HITPOINT WARNING * * *
Pikel claws you.
* * * LOW HITPOINT WARNING * * *
Pikel bites you!
You die...

#.# #)......##.#
#.#####.#...#
#.....#....#...
#†###.######.##
#.#.#.# #
########)....#
.........#.###
.#######.#.#####
#.#...@.#
#.#####T# #..
#5# #.# #.# #.#
#5# #.# #55 .w.
.#. ..?.


You could see Pikel the troll, 4 lemures and a dart slug.

Vanquished Creatures
  Jessica (D:3)
  An orc wizard (D:3)
  An adder (D:2)
  A worm (D:3)
  A dart slug (D:1)
  4 orcs
  3 endoplasms
  6 giant cockroaches
  7 goblins
  11 hobgoblins
  9 jackals
  3 quokkas
  7 ball pythons
  11 bats
  4 frilled lizards
  8 kobolds
  3 rats (D:2)
81 creatures vanquished.

Notes
Turn   | Place    | Note
-------+----------+-------------------------------------------
     0 | D:1      | duchin the Draconian Gladiator began the quest for the Orb.
     0 | D:1      | Reached XP level 1. HP: 17/17 MP: 1/1
   336 | D:1      | Reached XP level 2. HP: 23/24 MP: 2/2
   408 | D:1      | Found a faded altar of an unknown god.
   486 | D:1      | Reached skill level 4 in Axes
   946 | D:1      | Reached XP level 3. HP: 29/29 MP: 3/3
  1222 | D:2      | Identified the +0 leather armour "Saojig" {rPois rF+ SInv}
  1913 | D:2      | Reached XP level 4. HP: 37/37 MP: 4/4
  2167 | D:3      | Found a snail-covered altar of Cheibriados.
  2197 | D:3      | Reached skill level 5 in Axes
  2485 | D:3      | Became a worshipper of Cheibriados the Contemplative
  2582 | D:3      | Noticed Jessica
  2592 | D:3      | Killed Jessica
  2593 | D:3      | Reached XP level 5. HP: 44/45 MP: 5/5
  2704 | D:3      | Found a runed translucent door.
  2705 | D:3      | Noticed Crazy Yiuf
  3018 | D:4      | Noticed Eustachio
  3019 | D:4      | Noticed Eustachio
  3019 | D:4      | Eustachio changed into Eustachio the bat
  3022 | D:4      | Killed Eustachio the bat
  3153 | D:4      | Noticed Pikel
  3153 | D:4      | Noticed a lemure
  3153 | D:4      | Noticed a lemure
  3154 | D:4      | Noticed a lemure
  3154 | D:4      | Noticed a lemure
  3160 | D:4      | HP: 1/45 [acid (11)]
  3165 | D:4      | Noticed Pikel
  3165 | D:4      | Pikel changed into Pikel the troll
  3166 | D:4      | HP: 2/45 [Pikel the troll (5)]
  3167 | D:4      | Slain by Pikel the troll

Illustrated notes

Levels and vault maps discovered:
D:1:      dpeg_arrival_castle, layout_rooms, chequers_ecumenical_altar_twisty,
          chequers_serial_rivers_room_a
D:2:      kb_forest_paths, layout_basic, minmay_fractal_squares_gapless_5
D:3:      layout_loops_ring, slow_altar_1, uniq_jessica, uniq_crazy_yiuf_cottage
D:4:      layout_basic, minmay_temple_entry_glass, uniq_eustachio, uniq_ijyb,
          uniq_pikel, uniq_duvessa

Skill      XL: |  1  2  3  4 |
---------------+-------------+-----
Axes           | 4 5 |  5.2
Fighting       | 3 |  3.2
Throwing       | 2 |  2.2
Dodging        | |  2.6

Action                   |  1- 3 |  4- 6 || total
-------------------------+-------+-------++-------
Melee: War axe           |   177 |    72 ||   249
       Tailslap          |    27 |     9 ||    36
Throw: Javelin           |     1 |     3 ||     4
Evoke: Wand              |       |     2 ||     2
  Use: Potion            |     2 |     2 ||     4
       Scroll            |       |     1 ||     1
 Stab: Sleeping          |     1 |     1 ||     2
Armor: Skin              |    72 |    23 ||    95
Dodge: Dodged            |   153 |    66 ||   219
